 Dungeon Crawl Stone Soup version 0.26-a0-708-g17f3b190f9 (webtiles) character file.

Game seed: 17462799699024585715

68 karrick the Chopper (level 4, 33/33 HPs)
             Began as a Demonspawn Gladiator on Oct 28, 2020.
             Quit the game on level 2 of the Dungeon.
             The game lasted 00:01:27 (1554 turns).

karrick the Chopper (Demonspawn Gladiator)          Turns: 1554, Time: 00:01:28

Health: 33/33      AC:  8    Str: 15    XL:     4   Next: 1%
Magic:  4/4        EV: 12    Int: 10    God:
Gold:   113        SH:  0    Dex: 14    Spells: 3/3 levels left

rFire    + + .     SeeInvis .   a - +0 war axe
rCold    + . .     Faith    .   (no shield)
rNeg     . . .     Spirit   .   l - +2 ring mail {rF+}
rPois    .         Reflect  .   c - +0 helmet
rElec    .         Harm     .   m - scarf {rC+ rF+}
rCorr    .         Rampage  .   (no gloves)
MR       .....                  (no boots)
Stlth    +.........             (no amulet)
HPRegen  0.11/turn              b - ring of flight
MPRegen  0.09/turn              (no ring)

@: no status effects
A: claws 1, rot immunity
a: Evoke Flight


You were on level 2 of the Dungeon.
You visited 1 branch of the dungeon, and saw 2 of its levels.

You collected 113 gold pieces.

Inventory:

Hand Weapons
 a - a +0 war axe (weapon)
Missiles
 d - 3 throwing nets (quivered)
Armour
 c - a +0 helmet (worn)
 l - a +2 ring mail of fire resistance (worn)
 m - a scarf of resistance (worn)
Jewellery
 b - a ring of flight (left claw)
Scrolls
 g - a scroll of remove curse {unknown}
 h - a scroll of enchant armour {unknown}
 j - 2 scrolls of fog {unknown}
 k - a scroll of immolation {unknown}
Potions
 e - a potion of degeneration {unknown}
 f - 2 potions of curing {unknown}
 i - a potion of flight {unknown}
 n - 2 potions of heal wounds {unknown}


   Skills:
 + Level 2.2 Fighting
 + Level 3.7 Axes
 + Level 1.8 Throwing
 + Level 1.0 Armour
 + Level 3.1 Dodging


You had 3 spell levels left.
You didn't know any spells.
Your spell library was empty.

Dungeon Overview and Level Annotations

Branches:
Dungeon (2/15)

Altars:


Innate Abilities, Weirdness & Mutations

You have sharp fingernails.
You are immune to rotting.


Message History

No target in view!
No target in view!
No target in view!
No target in view!
No target in view!
No target in view!
No target in view!
No target in view!
No target in view!
n - 2 bubbling dark potions No target in view!
A bat comes into view.
A bat is nearby!
The bat hits you but does no damage.
You slash the bat!
You kill the bat!
You have reached level 4!
You feel stronger.
Your demonic ancestry asserts itself...
Your fingernails lengthen.
Are you sure you want to abandon this character and quit the game? (Confirm with "yes".)

#.#
####.#.###...#
#.#
##........#.#
#.### #.# ...
#..#.###.# #.#
... #........#
... #.##.#####
##.#####.##.#
...........#
#†#####.####
#@#####.#
#.......#
#########


There were no monsters in sight!

Vanquished Creatures
  An adder (D:2)
  2 worms (D:2)
  3 dart slugs (D:1)
  4 leopard geckos
  6 bats
  A giant cockroach (D:2)
  2 goblins (D:1)
  9 hobgoblins
  4 jackals (D:1)
  A quokka (D:2)
  3 frilled lizards
  2 kobolds
  A rat (D:1)
39 creatures vanquished.

Notes
Turn   | Place    | Note
-------+----------+-------------------------------------------
     0 | D:1      | karrick the Demonspawn Gladiator began the quest for the
                  | Orb.
     0 | D:1      | Reached XP level 1. HP: 16/16 MP: 1/1
   109 | D:1      | Gained mutation: You are immune to rotting. [demonic
                  | ancestry]
   109 | D:1      | Reached XP level 2. HP: 21/22 MP: 2/2
   551 | D:1      | Reached XP level 3. HP: 26/27 MP: 3/3
  1526 | D:2      | Reached skill level 1 in Armour
  1553 | D:2      | Gained mutation: You have sharp fingernails. [demonic
                  | ancestry]
  1553 | D:2      | Reached XP level 4. HP: 33/33 MP: 4/4
  1554 | D:2      | Quit the game

Illustrated notes

Levels and vault maps discovered:
D:1:      dpeg_cavernosity, layout_rooms
D:2:      layout_loops_corners

Skill      XL: |  1  2  3 |
---------------+----------+-----
Dodging        | 3 |  3.1
Axes           | 3 |  3.7
Armour         | 1 |  1.0
Fighting       | |  2.2
Throwing       | |  1.8

Action                   |  1- 3 |  4- 6 || total
-------------------------+-------+-------++-------
Melee: War axe           |   135 |       ||   135
Armor: Leather armour    |    27 |       ||    27
       Ring mail         |    28 |       ||    28
Dodge: Dodged            |   111 |       ||   111

Table legend: (Time is in decaauts)
 A = Elapsed time spent in this place.
 B = Non-inter-level travel time spent in this place.
 C = Inter-level travel time spent in this place.
 D = Time resting spent in this place.
 E = Time spent auto-exploring this place.
 F = Levels seen in this place.
 G = Mean time per level.
                   A        B        C        D        E       F      G
               +--------+--------+--------+--------+--------+-----+--------+
         Total |   1600 |   1504 |     96 |      0 |   1210 |   2 |  800.0 |
       Dungeon |   1600 |   1504 |     96 |      0 |   1210 |   2 |  800.0 |
               +--------+--------+--------+--------+--------+-----+--------+

Top non-repeatable levels by time:
     D:1: 835 daAuts
     D:2: 764 daAuts
